 Dungeon Crawl Stone Soup version 0.23-a0-554-gd3cbc84 (webtiles) character file.

28 ilii the Caller (level 2, -3/15 HPs)
             Began as a Deep Elf Summoner on Dec 10, 2018.
             Slain by a gnoll
             ... wielding a +0 whip
              (6 damage)
             ... on level 3 of the Dungeon.
             The game lasted 00:08:32 (1807 turns).

ilii the Caller (Deep Elf Summoner)                 Turns: 1807, Time: 00:08:33

Health: -3/15      AC:  2    Str:  5    XL:     2   Next: 96%
Magic:  8/8        EV: 12    Int: 19    God:
Gold:   118        SH:  4    Dex: 15    Spells: 6/7 levels left

rFire    . . .     SeeInvis .   (no weapon)
rCold    . . .     Gourm    .   e - +0 buckler (curse)
rNeg     . . .     Faith    .   a - +0 robe
rPois    .         Spirit   .   (no helmet)
rElec    .         Reflect  .   (no cloak)
rCorr    .         Harm     .   (no gloves)
MR       .....                  (no boots)
Stlth    ++........             (no amulet)
HPRegen  0.05/turn              (no ring)
MPRegen  0.11/turn              (no ring)

@: no status effects
A: no striking features
a: no special abilities


You were on level 3 of the Dungeon.
You were not hungry.

You visited 1 branch of the dungeon, and saw 3 of its levels.

You collected 118 gold pieces.

Inventory:

Armour
 a - a +0 robe (worn)
 e - a cursed +0 buckler (worn)
Jewellery
 d - a cursed -5 ring of strength {unknown}
 f - an uncursed ring of poison resistance {unknown}
 i - a cursed -2 ring of intelligence {unknown}
Scrolls
 l - a scroll of amnesia {unknown}
 m - a scroll of noise {unknown}
Potions
 b - a potion of curing {unknown}
 g - 2 potions of agility {unknown}
 j - a potion of magic {unknown}
 k - a potion of degeneration {unknown}
Comestibles
 c - a ration
 n - a chunk of flesh


   Skills:
 - Level 0.3 Fighting
 - Level 2.6 Dodging
 - Level 2.4 Stealth
 * Level 0.8 Shields
 + Level 3.4 Spellcasting
 * Level 4.8 Summonings


You had 6 spell levels left.
You knew the following spells:

 Your Spells              Type           Power        Failure   Level  Hunger
a - Summon Small Mammal   Summ           ###.         3%          1    None

Your spell library contained the following spells:

 Spells                   Type           Power        Failure   Level  Hunger
 Call Imp                 Summ           ###.....     4%          2    ##.....
 Call Canine Familiar     Summ           ###.....     9%          3    ###....
 Animate Skeleton         Necr           N/A          22%         1    None
 Apportation              Tloc           #.....       22%         1    None
 Confusing Touch          Hex            #.....       22%         1    None
 Summon Guardian Golem    Hex/Summ       ##......     24%         3    ###....
 Summon Ice Beast         Ice/Summ       ##......     63%         4    ####...
 Summon Lightning Spire   Summ/Air       ##......     63%         4    ####...


Dungeon Overview and Level Annotations

Branches:
Dungeon (3/15)

Altars:
Dithmenos
Kikubaaqudgha
Ru


Message History

A hobgoblin comes into view.
The bat completely misses you. You block the gnoll's attack.
The gnoll hits you with a +0 whip. The gnoll barely misses you.
There is a stone staircase leading up here.
Unknown command.
The bat hits you but does no damage. The gnoll closely misses you.
The gnoll hits you with a +0 whip!
Ouch! That really hurt!
* * * LOW HITPOINT WARNING * * *
The bat hits you but does no damage. The rat bites you.
* * * LOW HITPOINT WARNING * * *
You block the bat's attack.
Found 2 scrolls labeled ESCHOU IDGHOEWK.
An adder comes into view.
The bat hits you.
* * * LOW HITPOINT WARNING * * *
A giant cockroach comes into view.
Found 18 gold pieces.
The gnoll hits you with a +0 whip.
You die...

***,* *,**,,,,,,, *,*
*,*,,,,,,,,
*,**********#.#,,,,,,,,
**,*,,,,,,,....,,,,,,,,,
*,,*,**####...,,,,,,,,,,
*,,,,,,,..#..#,*,**,,,,,
*,,#,***#.#..#.#,**,****
#..#.####.#..#.#.#*,#*,,
#......@gr...#.#.##.#..,
#.......s....#.#...S#.,,
#..............#.#,?.,,,
#..........g.....##.#,,,
#.##.###....g....#..#,,,
#,*#.* #.####...##..#*,,
*,*#,* #$#..........####
*,**,* #.#.######.#...?.
*,**,* #.#,#......#..###


You could see 3 gnolls, a giant cockroach and a rat.

Vanquished Creatures (collateral kills)
  An adder (D:2)
  2 oozes
  A dart slug (D:1)
  A leopard gecko (D:1)
  A ball python (D:1)
  3 giant cockroaches (D:1)
  A goblin (D:2)
  A hobgoblin (D:1)
  7 kobolds
  4 bats (D:1)
  4 rats
26 creatures vanquished.

Notes
Turn   | Place    | Note
-------+----------+-------------------------------------------
     0 | D:1      | ilii the Deep Elf Summoner began the quest for the Orb.
     0 | D:1      | Reached XP level 1. HP: 10/10 MP: 6/6
   502 | D:1      | Reached XP level 2. HP: 15/15 MP: 5/8
  1502 | D:2      | Found an ancient bone altar of Kikubaaqudgha.
  1506 | D:2      | Found a sacrificial altar of Ru.
  1508 | D:2      | Found a shadowy altar of Dithmenos.
  1807 | D:3      | Slain by a gnoll

Vault maps used:
D:1:      mrwooster_arrival_arrow, minmay_misc_feat_hallway, st_stairs_1,
          minmay_split_cup_large
D:2:      grunt_temple_overflow_diamond
D:3:      okawaru_altar_gauntlet_db, old_standard_altar,
          yredelemnul_altar_generic, lemuel_doored_altar,
          lightli_sewer_entry_pipes, minmay_misc_feat_more_columns,
          grunt_ministairs_5

Action                   || total
-------------------------++-------
Melee: Unarmed           ||     6
 Cast: Summon Small Mamm ||    53
  Use: Scroll            ||     2
  Eat: Ration            ||     1
Armor: Robe              ||    11
Dodge: Dodged            ||    36
Block: Buckler           ||     6

Table legend:
 A = Non-vault XP
 B = Vault XP
 C = Vault XP percentage of total XP
 D = Non-vault monster count
 E = Vault monster count
 F = Vault count percentage of total count
                 A         B        C        D         E       F
            +---------+---------+-------+---------+---------+-------
      Total |      31 |       9 |  22.5 |      20 |       6 |  23.1
            +---------+---------+-------+---------+---------+-------
        D:1 |      17 |       9 |  34.6 |      15 |       6 |  28.6
        D:2 |      14 |       0 |   0.0 |       5 |       0 |   0.0
            +---------+---------+-------+---------+---------+-------
